 Dungeon Crawl Stone Soup version 0.27.1-2-g3b301248ec (webtiles) character file.

Game seed: 13449767847413144656

58 Borgoz the Skirmisher (level 4, -4/43 HPs)
             Began as a Gargoyle Berserker on Sept 26, 2021.
             Was a Believer of Trog.
             Slain by a worm (9 damage)
             ... on level 2 of the Dungeon.
             The game lasted 00:01:01 (1268 turns).

Borgoz the Skirmisher (Gargoyle Berserker)          Turns: 1268, Time: 00:01:01

Health: -4/43      AC:  9    Str: 20    XL:     4   Next: 1%
Magic:  4/4        EV: 11    Int:  8    God:    Trog [**....]
Gold:   38         SH:  0    Dex: 10    Spells: 3/3 levels left

rFire    . . .     SeeInvis .   a - +0 mace
rCold    . . .     Faith    .   (no shield)
rNeg     + . .     Spirit   .   g - +0 ring mail
rPois    ∞         Reflect  .   (no helmet)
rElec    +         Harm     .   (no cloak)
rCorr    .         Rampage  .   (no gloves)
Will     .....                  (no boots)
Stlth    ..........             d - amulet of the acrobat
HPRegen  0.14/turn              (no ring)
MPRegen  0.09/turn              (no ring)

@: berserking (expiring), very quick
A: sickness immunity, AC +3, negative energy resistance 1, electricity
resistance, torment resistance 1, petrification resistance
a: Renounce Religion, Berserk, Trog's Hand


You were on level 2 of the Dungeon.
You worshipped Trog.
Trog was pleased with you.
You visited 1 branch of the dungeon, and saw 2 of its levels.

You collected 38 gold pieces.

Inventory:

Hand Weapons
 a - a +0 mace (weapon)
Armour
 g - a +0 ring mail (worn)
Jewellery
 d - an amulet of the acrobat (around neck)
Scrolls
 b - a scroll of fear {unknown}
 f - a scroll of identify {unknown}
Potions
 c - a potion of heal wounds {unknown}
 e - a potion of attraction {unknown}


   Skills:
 + Level 3.9 Fighting
 + Level 3.4 Maces & Flails
 + Level 2.8 Armour
 + Level 2.2 Dodging


You had 3 spell levels left.
You didn't know any spells.
Your spell library was empty.

Dungeon Overview and Level Annotations

Branches:
Dungeon (2/15)

Altars:


Innate Abilities, Weirdness & Mutations

You are immune to sickness and miasma.
Your stone body is resilient. (AC +3)
You are immune to poison.
You resist negative energy. (rN+)
You are resistant to electric shocks. (rElec)
You are resistant to unholy torment.
You are immune to petrification.


Message History

You are too injured to fight recklessly!
You are too injured to fight recklessly!
You are too injured to fight recklessly!
You are too injured to fight recklessly!
You hit the endoplasm.
The endoplasm is almost dead.
The endoplasm hits you but does no damage.
The endoplasm closely misses you. The kobold hits you but does no damage.
You sock the endoplasm!
You kill the endoplasm!
Trog accepts your kill. The kobold hits you but does no damage.
The endoplasm hits you but does no damage.
You barely miss the endoplasm.
The endoplasm is almost dead.
The worm bites you.
* * * LOW HITPOINT WARNING * * *
You hit the endoplasm.
You kill the endoplasm!
Trog accepts your kill. The kobold closely misses you.
You have reached level 4!
You feel clever.
You barely miss the kobold. The kobold hits you with a +0 club.
* * * LOW HITPOINT WARNING * * *
The worm barely misses you.
You completely miss the kobold. The kobold closely misses you.
You closely miss the kobold. The worm barely misses you.
You thump the worm!
The worm is heavily wounded.
The kobold hits you with a +0 club.
* * * LOW HITPOINT WARNING * * *
The worm bites you.
* * * LOW HITPOINT WARNING * * *
You barely miss the worm.
The worm is heavily wounded.
The kobold hits you with a +0 club.
* * * LOW HITPOINT WARNING * * *
The worm bites you!
You die...

................
................
............#.. ##
............. ..#
#.........##....
.##...............
..................
.....(.<..@w......
..........Kw(.....
...######.........
# ..........
###########


You could see 2 worms and a kobold.

Vanquished Creatures
  A gnoll (D:1)
  3 dart slugs (D:1)
  7 bats (D:1)
  6 endoplasms
  3 giant cockroaches (D:1)
  3 goblins (D:1)
  A hobgoblin (D:1)
  3 jackals (D:1)
  A quokka (D:1)
  A ball python (D:1)
  2 kobolds (D:1)
  8 rats (D:1)
39 creatures vanquished.

Notes
Turn   | Place    | Note
-------+----------+-------------------------------------------
     0 | D:1      | Borgoz the Gargoyle Berserker began the quest for the Orb.
     0 | D:1      | Reached XP level 1. HP: 14/14 MP: 1/1
    18 | D:1      | HP: 1/21 [gnoll (8)]
    20 | D:1      | Reached XP level 2. HP: 2/19 MP: 2/2
   342 | D:1      | Reached XP level 3. HP: 12/24 MP: 3/3
   940 | D:1      | Reached ** piety under Trog
  1264 | D:2      | Reached XP level 4. HP: 12/29 MP: 4/4
  1268 | D:2      | Slain by a worm

Illustrated notes

Levels and vault maps discovered:
D:1:      minmay_arrival_stair_chambers, layout_rooms, st_stairs_12
D:2:      layout_rooms, hellmonk_ecumenical_altar_crossroads,
          chequers_serial_rivers_micro_a, uniq_terence

Skill      XL: |  1  2  3 |
---------------+----------+-----
Dodging        | 2 |  2.2
Fighting       | |  3.9
Maces & Flails | |  3.4
Armour         | |  2.8

Action                   |  1- 3 |  4- 6 || total
-------------------------+-------+-------++-------
Melee: Mace              |    99 |     5 ||   104
Invok: Berserk           |     2 |       ||     2
Armor: Animal skin       |    26 |       ||    26
       Ring mail         |    24 |       ||    24
Dodge: Dodged            |    79 |     3 ||    82
